 Dungeon Sprint DCSS version 0.31-a0-18-gea43df2a32 (webtiles) character file.

Game seed: 8888248723570633511

7830 sircluck the Brawler (level 11, -1/115 HPs)
             Began as a Troll Berserker on May 10, 2023.
             Was a High Priest of Trog.
             Slain by an unseen horror (5 damage)
             ... in the Dungeon (Sprint I: "Red Sonja").
             The game lasted 00:03:53 (716 turns).

sircluck the Brawler (Troll Berserker)               Turns: 716, Time: 00:03:53

Health: -1/115     AC:  8    Str: 28    XL:     11   Next: 1%
Magic:  6/6        EV: 11    Int:  2    God:    Trog [*****.]
Gold:   406        SH:  0    Dex: 13    Spells: 10/10 levels left

rFire   x .          .
                       - Unarmed
rCold   + + .        (no shield)
rNeg    . . .        q - +1 ice dragon scales
rPois   .            (helmet restricted)
rElec   .            (no cloak)
rCorr   .            (gloves unavailable)
SInv    .            (boots unavailable)
Will    +....        (no amulet)
Stlth   ++           (no ring)
HPRegen 1.19/turn    (no ring)
MPRegen 0.10/turn

%: no teleportation, random rage (9%)
@: no status effects
A: large, unfitting armour, claws 3, regeneration 1, shaggy fur 1, tough skin 1,
agile 1, berserk 2, deformed body, deterioration 1, low MP 3, strong-willed 1,
weak 1, inability to drink after injury 1
a: Renounce Religion, Berserk, Trog's Hand, Brothers in Arms


You were in the Dungeon.
You worshipped Trog.
Trog was extremely pleased with you.
You visited 1 branch You collected 1076 gold pieces.
You spent 670 gold pieces at shops.

Inventory:

Missiles
 k - 11 stones (quivered)
 n - 4 curare-tipped darts
Armour
 a - a +0 animal skin
 l - a +2 robe of resistance
 p - a +0 cloak
 q - +1 ice dragon scales (worn)
 s - an orb of guile
Wands
 h - a wand of paralysis (4)
 j - a wand of mindburst (7)
Scrolls
 g - a scroll of blinking
 o - a scroll of immolation {unknown}
 r - a scroll of identify {unknown}
Potions
 b - 3 potions of curing
 c - 2 potions of heal wounds
 d - a potion of haste
 e - 2 potions of magic
 f - a potion of berserk rage
 i - 2 potions of mutation {unknown}
 m - a potion of might {unknown}


   Skills:
 + Level 9.6 Fighting
 + Level 1.3 Armour
 + Level 10.3 Dodging
 + Level 7.5 Stealth
 + Level 17.8 Unarmed Combat
 + Level 3.3 Evocations


You had 10 spell levels left.
You didn't know any spells.
Your spell library was empty.

Dungeon Overview and Level Annotations

Branches:
Dungeon (1/1)

Altars:
Cheibriados
Dithmenos
Elyvilon
Fedhas
Gozag
Hepliaklqana
Kikubaaqudgha
Makhleb
Nemelex Xobeh
Okawaru
Qazlal
Ru
Sif Muna
Trog
Uskayaw
Vehumet
Wu Jian
Xom
Yredelemnul
Zin
The Shining One
Jiyva
Lugonu

Shops:
D [***[=[


Innate Abilities, Weirdness & Mutations

You are too large for most types of armour.
You have claws for hands.
Your natural rate of healing is unusually fast.
You are covered in fur. (AC +1)
You have tough skin. (AC +1)
You are agile. (Dex +4, Str/Int -1)
You have an uncontrollable temper.
Armour fits poorly on your strangely shaped body.
Your body sometimes deteriorates upon taking damage.
Your magical capacity is extremely low. (-30% MP)
You are strong-willed. (Will+)
You are weak. (Str -2)
You occasionally lose the ability to drink potions when taking damage.


Message History

There is an open door here.
You claw something! Something hits you but does no damage.
Something hits you. x2
You miss something. Something hits you. Something barely misses you.
Something hits you. Something hits you but does no damage. Something hits you!
You claw something!
Something hits you but does no damage. x3
Something hits you! Something hits you but does no damage. Something hits you!
You scratch something but do no damage. Your claw misses something.
Something hits you but does no damage. Something hits you. x2
Something completely misses you. Something hits you. Something hits you. x2
* * * LOW HITPOINT WARNING * * *
Something hits you.
* * * LOW HITPOINT WARNING * * *
Something hits you.
* * * LOW HITPOINT WARNING * * *
Something hits you.
* * * LOW HITPOINT WARNING * * *
Something hits you but does no damage. Something hits you.
* * * LOW HITPOINT WARNING * * *
Something hits you.
* * * LOW HITPOINT WARNING * * *
Something hits you but does no damage.
You closely miss something. Something hits you.
* * * LOW HITPOINT WARNING * * *
Something hits you.
* * * LOW HITPOINT WARNING * * *
Something hits you.
* * * LOW HITPOINT WARNING * * *
Something completely misses you. Something hits you but does no damage.
Something hits you.
* * * LOW HITPOINT WARNING * * *
Something hits you but does no damage. Something hits you.
* * * LOW HITPOINT WARNING * * *
Something hits you but does no damage. Something hits you.
* * * LOW HITPOINT WARNING * * *
Something hits you but does no damage. Something hits you.
* * * LOW HITPOINT WARNING * * *
Something hits you.
You die...

_____##'#_.+~§~§§'†.#
_.∩...'..._#§~~.)#..#
_..__##_.#'##'#####'###
_____###'#.#....###.'.#
########.####'###.###†#
......'...'.....'.∩##.#
'''####...###########§#
....####.###...{§§.##§#
.....#.#'#.#...{@...'.#
.....#.....#+++######.#
.....#.:...# #§#
..#..####### +§# .....#
### .....# .....#
'''### ....∩#


There were no monsters in sight!

Vanquished Creatures
  A centaur warrior (D)
  Sonja (D)
  A deep troll (D)
  An oklob plant (D)
  8 shining eyes (D)
  2 kobold demonologists (D)
  A hornet (D)
  A slime creature (D)
  Sigmund (D)
  A yak (D)
  2 redbacks (D)
  5 floating eyes (D)
  An ogre (D)
  A jelly (D)
  Ijyb (D)
  A ballistomycete spore (D)
29 creatures vanquished.

Vanquished Creatures (collateral kills)
  A centaur warrior (D)
1 creature vanquished.

Vanquished Creatures (others)
  A ballistomycete spore (D)
1 creature vanquished.

Grand Total: 31 creatures vanquished

Notes
Turn   | Place    | Note
-------+----------+-------------------------------------------
     0 | D        | sircluck the Troll Berserker began the quest for the Orb.
     0 | D        | Reached XP level 1. HP: 22/22 MP: 0/0
     1 | D        | Noticed Ijyb
     5 | D        | Killed Ijyb
     6 | D        | Reached skill level 4 in Unarmed Combat
     6 | D        | Reached XP level 2. HP: 31/31 MP: 1/1
    53 | D        | Noticed an ogre
    59 | D        | Killed an ogre
    60 | D        | Reached skill level 1 in Stealth
    60 | D        | Reached skill level 6 in Unarmed Combat
    60 | D        | Reached XP level 3. HP: 41/41 MP: 2/2
    60 | D        | Reached XP level 4. HP: 49/49 MP: 3/3
    72 | D        | Noticed Sigmund
    77 | D        | Killed Sigmund
    77 | D        | Reached ** piety under Trog
    78 | D        | Reached skill level 7 in Unarmed Combat
    78 | D        | Reached XP level 5. HP: 55/59 MP: 4/4
    92 | D        | Found an ornate altar of the Wu Jian Council.
    92 | D        | Found a shimmering blue altar of Sif Muna.
    94 | D        | Found a radiant altar of Vehumet.
   102 | D        | Reached XP level 6. HP: 63/67 MP: 5/5
   118 | D        | Found a burning altar of Makhleb.
   118 | D        | Found a viscous altar of Jiyva.
   118 | D        | Found a shimmering altar of Xom.
   118 | D        | Found a corrupted altar of Lugonu.
   118 | D        | Noticed a slime creature
   123 | D        | Killed a slime creature
   124 | D        | Reached skill level 9 in Unarmed Combat
   160 | D        | Noticed a kobold demonologist
   160 | D        | Noticed a floating eye
   160 | D        | Noticed a kobold demonologist
   161 | D        | Noticed a red devil
   168 | D        | Killed a floating eye
   169 | D        | Reached XP level 7. HP: 69/78 MP: 6/6
   172 | D        | Noticed a hellwing
   177 | D        | Killed a kobold demonologist
   177 | D        | Reached *** piety under Trog
   178 | D        | Reached skill level 10 in Unarmed Combat
   180 | D        | Killed a kobold demonologist
   181 | D        | Reached XP level 8. HP: 30/88 MP: 7/7
   245 | D        | Found Udourheju's Assorted Antiques.
   245 | D        | Found an ancient bone altar of Kikubaaqudgha.
   245 | D        | Found a hazy altar of Hepliaklqana.
   245 | D        | Found a stormy altar of Qazlal.
   245 | D        | Found a hide-covered altar of Uskayaw.
   245 | D        | Found a blossoming altar of Fedhas.
   245 | D        | Found a bloodstained altar of Trog.
   245 | D        | Found an iron altar of Okawaru.
   245 | D        | Found a basalt altar of Yredelemnul.
   245 | D        | Found a glowing golden altar of the Shining One.
   245 | D        | Found a snail-covered altar of Cheibriados.
   245 | D        | Found a sacrificial altar of Ru.
   245 | D        | Found a glowing silver altar of Zin.
   245 | D        | Found a shadowy altar of Dithmenos.
   245 | D        | Found a white marble altar of Elyvilon.
   246 | D        | Found an opulent altar of Gozag.
   251 | D        | Reached **** piety under Trog
   252 | D        | Reached skill level 11 in Unarmed Combat
   252 | D        | Found a sparkling altar of Nemelex Xobeh.
   262 | D        | Noticed Sonja
   264 | D        | Killed Sonja
   265 | D        | Reached skill level 12 in Unarmed Combat
   265 | D        | Reached skill level 1 in Evocations
   324 | D        | Noticed a deep troll
   335 | D        | Killed a deep troll
   336 | D        | Reached skill level 5 in Stealth
   336 | D        | Reached XP level 9. HP: 73/97 MP: 8/8
   377 | D        | Found Goref's Armour Boutique.
   385 | D        | Bought +1 ice dragon scales for 670 gold pieces
   397 | D        | Noticed a shining eye
   397 | D        | Noticed a shining eye
   397 | D        | Noticed a shining eye
   397 | D        | Noticed a shining eye
   397 | D        | Noticed a shining eye
   397 | D        | Noticed a shining eye
   398 | D        | Gained mutation: Your magical capacity is low. (-10% MP) [a
                  | shining eye]
   399 | D        | Paralysed by a floating eye for 3 turns
   407 | D        | Reached skill level 13 in Unarmed Combat
   412 | D        | Gained mutation: You are agile. (Dex +4, Str/Int -1) [a
                  | shining eye]
   414 | D        | Gained mutation: Your magical capacity is very low. (-20%
                  | MP) [a shining eye]
   416 | D        | Killed a shining eye
   416 | D        | Gained mutation: Armour fits poorly on your strangely
                  | shaped body. [a shining eye]
   416 | D        | Gained mutation: You are strong-willed. (Will+) [a shining
                  | eye]
   418 | D        | Gained mutation: You have hidden genetic defects. [a
                  | shining eye]
   421 | D        | Killed a shining eye
   422 | D        | Reached skill level 14 in Unarmed Combat
   422 | D        | Paralysed by a floating eye for 2 turns
   423 | D        | Gained mutation: You are weak. (Str -2) [a shining eye]
   427 | D        | Killed a shining eye
   427 | D        | Gained mutation: Your spells are a little harder to cast,
                  | but a little more powerful. [a shining eye]
   430 | D        | Lost mutation: Your spells are a little harder to cast, but
                  | a little more powerful. [a shining eye]
   431 | D        | Gained mutation: You sometimes lose your temper in combat.
                  | [a shining eye]
   433 | D        | Killed a shining eye
   434 | D        | Reached XP level 10. HP: 107/107 MP: 7/7
   436 | D        | Killed a shining eye
   437 | D        | Reached skill level 15 in Unarmed Combat
   437 | D        | Reached ***** piety under Trog
   438 | D        | Reached skill level 10 in Dodging
   439 | D        | Noticed a shining eye
   439 | D        | Noticed a shining eye
   445 | D        | Killed a shining eye
   448 | D        | Gained mutation: You have an uncontrollable temper. [a
                  | shining eye]
   450 | D        | Gained mutation: You occasionally lose the ability to drink
                  | potions when taking damage. [hidden defects]
   452 | D        | Killed a shining eye
   452 | D        | Gained mutation: Your body sometimes deteriorates upon
                  | taking damage. [a shining eye]
   453 | D        | Reached skill level 16 in Unarmed Combat
   454 | D        | Killed a shining eye
   458 | D        | Found Nih Paxt's General Store.
   458 | D        | Found Kuexivip's Antique Armour Shop.
   458 | D        | Found Oloab's Assorted Antiques.
   458 | D        | Found Awewumua's Jewellery Boutique.
   503 | D        | Found Vuyloim's Armour Emporium.
   528 | D        | Noticed a centaur warrior
   530 | D        | Noticed a centaur warrior
   536 | D        | Killed a centaur warrior
   538 | D        | Killed a centaur warrior
   538 | D        | Received a gift from Trog
   539 | D        | Reached skill level 17 in Unarmed Combat
   539 | D        | Gained mutation: Your magical capacity is extremely low.
                  | (-30% MP) [hidden defects]
   539 | D        | Lost mutation: You have hidden genetic defects. [hidden
                  | defects expressed]
   575 | D        | Reached skill level 1 in Armour
   612 | D        | Noticed an oklob plant
   616 | D        | Killed an oklob plant
   623 | D        | Reached XP level 11. HP: 109/115 MP: 6/6
   715 | D        | HP: 4/115 [something (4)]
   716 | D        | Slain by an unseen horror

Illustrated notes

Levels and vault maps discovered:
D:        dungeon_sprint_1 [red_sonja_temple_1, red_sonja_temple_small_1]

Skill      XL: |  1  2  3  4  5  6  7  8  9 10 |
---------------+-------------------------------+-----
Fighting       | 3 4 6 7 8 9 |  9.6
Dodging        | 3 4 6 7 8 9 10 | 10.3
Unarmed Combat | 4 6 7 9 10 12 14 17 | 17.8
Stealth        | 1 2 3 5 6 7 |  7.5
Evocations     | 1 2 3 |  3.3
Armour         | 1 |  1.3

Action                     |  1- 3 |  4- 6 |  7- 9 | 10-12 || total
---------------------------+-------+-------+-------+-------++-------
  Melee: Unarmed           |     7 |    13 |    50 |    34 ||   104
         Punch             |       |       |     4 |     7 ||    11
 Invoke: Berserk           |     1 |     1 |     1 |     1 ||     4
         Brothers in Arms  |       |       |     2 |     1 ||     3
  Evoke: Wand              |     1 |     1 |     4 |       ||     6
   Stab: Paralysed         |     4 |     2 |     1 |       ||     7
         Sleeping          |       |     1 |     1 |       ||     2
 Armour: Animal skin       |       |     1 |     2 |       ||     3
         Robe              |       |       |     1 |       ||     1
         Ice dragon scales |       |       |       |    30 ||    30
  Dodge: Dodged            |     1 |     3 |    14 |    12 ||    30

Table legend: (Time is in decaauts)
 A = Elapsed time spent in this place.
 B = Non-inter-level travel time spent in this place.
 C = Inter-level travel time spent in this place.
 D = Time resting spent in this place.
 E = Time spent auto-exploring this place.
 F = Levels seen in this place.
 G = Mean time per level.
                   A        B        C        D        E       F      G
               +--------+--------+--------+--------+--------+-----+--------+
         Total |    743 |    728 |     15 |    165 |    149 |   1 |  743.0 |
       Dungeon |    743 |    728 |     15 |    165 |    149 |   1 |  743.0 |
               +--------+--------+--------+--------+--------+-----+--------+

Top non-repeatable levels by time:
       D: 743 daAuts
